 Dungeon Crawl Stone Soup version 0.32-a0-612-g1c984fe9d1 (webtiles) character file.

Game seed: 3377841675472553423

6 CougarLife the Digger (level 1, 0/10 HPs)
             Began as a Gargoyle Earth Elementalist on Mar 5, 2024.
             Slain by a hobgoblin
             ... wielding a +0 dagger
              (3 damage)
             ... on level 1 of the Dungeon.
             The game lasted 00:00:11 (281 turns).

CougarLife the Digger (Gargoyle Earth Elementalist)  Turns: 281, Time: 00:00:12

Health: 0/10       AC:  4    Str: 11    XL:     1   Next: 90%
Magic:  0/3        EV: 11    Int: 15    God:
Gold:   10         SH:  0    Dex: 10    Spells: 3/4 levels left

rFire   . . .        (no weapon)
rCold   . . .        (no shield)
rNeg    + . .        a - +0 robe
rPois   ∞            (no helmet)
rElec   +            (no cloak)
rCorr   .            (no gloves)
SInv    .            (no boots)
Will    .....        (no amulet)
Stlth   ++           (no ring)
HPRegen 0.21/turn    (no ring)
MPRegen 0.08/turn

%: no passive effects
@: no status effects
A: sickness immunity, AC +2, negative energy resistance 1, electricity
resistance, torment resistance 1, petrification resistance
a: no special abilities


You were on level 1 of the Dungeon.
You visited 1 branch of the dungeon, and saw 1 of its levels.

You collected 10 gold pieces.

Inventory:

Armour
 a - a +0 robe (worn)
Scrolls
 c - a scroll of immolation {unknown}
Potions
 b - a potion of magic


   Skills:
 - Level 1.5 Dodging
 - Level 2.1 Stealth
 + Level 2.1 Spellcasting
 + Level 1.5 Conjurations
 + Level 3.8 Earth Magic


You had 3 spell levels left.
You knew the following spells:

 Your Spells              Type           Power      Damage    Failure   Level
a - Sandblast             Erth           26%        2d8       4%          1

Your spell library contained the following spells:

 Spells                   Type           Power      Damage    Failure   Level
 Passwall                 Erth           13%        N/A       14%         3
 Stone Arrow              Conj/Erth      18%        3d8       22%         3
 Brom's Barrelling Bould  Conj/Erth      9%         2d3       58%         4
 Petrify                  Alch/Erth      7%         N/A       69%         4


Dungeon Overview and Level Annotations

Branches:
Dungeon (1/15)

Altars:


Innate Abilities, Weirdness & Mutations

You are immune to sickness and miasma.
Your stone body is resilient. (AC +2)
You are immune to poison.
You resist negative energy. (rN+)
You are resistant to electric shocks. (rElec)
You are resistant to unholy torment.
You are immune to petrification.


Message History

You can't see any susceptible monsters within range! (Use Z to cast anyway.)
A kobold is nearby!
The blast of sand hits the kobold!
You kill the kobold!
No target in view!
You can't see any susceptible monsters within range! (Use Z to cast anyway.)
You can't see any susceptible monsters within range! (Use Z to cast anyway.)
You can't see any susceptible monsters within range! (Use Z to cast anyway.)
A hobgoblin comes into view. It is wielding a +0 dagger.
A hobgoblin is nearby!
A hobgoblin is nearby!
Found a stone staircase leading down.
The blast of sand hits the hobgoblin.
The hobgoblin is lightly wounded.
The hobgoblin shouts!
The blast of sand hits the hobgoblin.
The hobgoblin is lightly wounded.
The hobgoblin completely misses you.
The blast of sand hits the hobgoblin but does no damage.
The hobgoblin is lightly wounded.
The hobgoblin hits you with a +0 dagger.
The hobgoblin hits you but does no damage.
You are out of magic!
You are out of magic!
You hit the hobgoblin but do no damage.
The hobgoblin is lightly wounded.
The hobgoblin hits you with a +0 dagger.
The hobgoblin attacks as it pursues you!
The hobgoblin hits you with a +0 dagger.
Ouch! That really hurt!
* * * LOW HITPOINT WARNING * * *
Casting: Sandblast (safe; 4% risk of failure)
Confirm with . or Enter, or press ? or * to list all spells.
Aiming: Sandblast (safe; 4% risk of failure)
Press: ? - help, Shift-Dir - straight line, f/p - hobgoblin
Aim: a hobgoblin, wielding a +0 dagger and wearing a +0 ring mail (lightly wounded, 84% to hit)
The blast of sand hits the hobgoblin but does no damage.
The hobgoblin is lightly wounded.
The hobgoblin hits you with a +0 dagger.
You die...

#...# ...####.##
#.......#
.######.###...
#.##.... #.##...
#.##..# #g##..#.#.
#@##..#.#.#
#.##..#.#.# #
#......)#.### #
####.)#.#.#~## #
#.######..#.#>≈≈~#####
#.........#.#.#≈~≈~..~
....####..#).....~~≈~≈
# .####..#.#.#.######
#...........#.# #...


You could see a hobgoblin.

Vanquished Creatures
  A dart slug (D:1)
  A giant cockroach (D:1)
  A frilled lizard (D:1)
  2 kobolds (D:1)
5 creatures vanquished.

Notes
Turn   | Place    | Note
-------+----------+-------------------------------------------
     0 | D:1      | CougarLife the Gargoyle Earth Elementalist began the quest
                  | for the Orb.
     0 | D:1      | Reached XP level 1. HP: 10/10 MP: 3/3
   281 | D:1      | Slain by a hobgoblin

Illustrated notes

Levels and vault maps discovered:
D:1:      heliophobic_arrival_enchanted_forest, layout_loops_ring,
          chequers_serial_rivers_small_a

Action                     || total
---------------------------++-------
  Melee: Unarmed           ||     4
   Cast: Sandblast         ||     9
   Stab: Sleeping          ||     1
 Armour: Robe              ||    10
  Dodge: Dodged            ||     1

Table legend: (Time is in decaauts)
 A = Elapsed time spent in this place.
 B = Non-inter-level travel time spent in this place.
 C = Inter-level travel time spent in this place.
 D = Time resting spent in this place.
 E = Time spent auto-exploring this place.
 F = Levels seen in this place.
 G = Mean time per level.
                   A        B        C        D        E       F      G
               +--------+--------+--------+--------+--------+-----+--------+
         Total |    285 |    285 |      0 |      0 |    237 |   1 |  285.0 |
       Dungeon |    285 |    285 |      0 |      0 |    237 |   1 |  285.0 |
               +--------+--------+--------+--------+--------+-----+--------+

Top non-repeatable levels by time:
     D:1: 285 daAuts
